 Dungeon Crawl Stone Soup version 0.22.1-2-g9c5b331 (webtiles) character file.

1687 Yuikono the Zephyrmancer (level 9, 0/45 HPs)
             Began as a Tengu Air Elementalist on Dec 7, 2018.
             Was a Believer of Sif Muna.
             Slain by a killer bee (8 damage)
             ... on level 7 of the Dungeon.
             The game lasted 00:38:39 (7504 turns).

Yuikono the Zephyrmancer (Tengu Air Elementalist)   Turns: 7504, Time: 00:38:40

Health: 0/45       AC:  3    Str:  8 (9)  XL:     9   Next: 2%
Magic:  2/18       EV: 12    Int: 17 (19) God:    Sif Muna [**....]
Gold:   292        SH:  6    Dex: 13 (14) Spells: 8/19 levels left

rFire    x . .     SeeInvis .   x - +3 dagger (venom)
rCold    + . .     Gourm    .   h - +1 buckler
rNeg     . . .     Faith    +   a - +0 robe
rPois    .         Spirit   .   (helmet restricted)
rElec    .         Reflect  .   z - +0 cloak
rCorr    .         Harm     .   (no gloves)
MR       .....                  (boots unavailable)
Stlth    ++........             u - amulet of faith
HPRegen  0.15/turn              l - ring of ice
MPRegen  0.16/turn              (no ring)

@: no status effects
A: beak, talons 3, able to fly 1
a: Fly, Divine Energy, Renounce Religion


You were on level 7 of the Dungeon.
You worshipped Sif Muna.
Sif Muna was pleased with you.
You were not hungry.

You visited 1 branch of the dungeon, and saw 7 of its levels.

You collected 292 gold pieces.

Inventory:

Hand Weapons
 j - a +3 short sword
 t - a +3 mace
 v - a +1 falchion of holy wrath
 x - a +3 dagger of venom (weapon)
Missiles
 d - 4 javelins
 i - 156 stones (quivered)
 p - 36 sling bullets
 y - 9 tomahawks
Armour
 a - a +0 robe (worn)
 h - a +1 buckler (worn)
 z - a +0 cloak (worn)
Jewellery
 f - an uncursed amulet of magic regeneration
 l - a ring of ice (left hand)
 u - an amulet of faith (around neck)
Scrolls
 e - a scroll of random uselessness
 g - a scroll of teleportation
 o - 2 scrolls of enchant armour
 q - 3 scrolls of remove curse
 s - a scroll of amnesia
 B - a scroll of immolation
Potions
 b - a potion of curing
 n - a potion of might
 r - 2 potions of flight
 w - a potion of invisibility
Comestibles
 c - 6 rations


   Skills:
 - Level 2.1 Dodging
 - Level 2.0 Stealth
 - Level 4.0 Shields
 + Level 5.7 Spellcasting
 + Level 7.8 Conjurations
 + Level 8.8 Air Magic


You had 8 spell levels left.
You knew the following spells:

 Your Spells              Type           Power        Failure   Level  Hunger
a - Shock                 Conj/Air       ####         1%          1    None
b - Swiftness             Chrm/Air       ###.....     3%          2    #......
c - Static Discharge      Conj/Air       ####....     1%          3    ##.....
d - Airstrike             Air            #####.....   3%          4    ####...
e - Sandblast             Erth           #.....       13%         1    None

Your spell library contained the following spells:

 Spells                   Type           Power        Failure   Level  Hunger
 Flame Tongue             Conj/Fire      ###..        2%          1    None
 Throw Flame              Conj/Fire      ###...       4%          2    #......
 Conjure Flame            Conj/Fire      ###.....     8%          3    ##.....
 Lightning Bolt           Conj/Air       ####......   12%         5    ######.
 Animate Skeleton         Necr           N/A          13%         1    None
 Apportation              Tloc           #.....       13%         1    None
 Confusing Touch          Hex            #.....       13%         1    None
 Summon Small Mammal      Summ           #...         13%         1    None
 Sticky Flame             Conj/Fire      ###.....     26%         4    ####...
 Inner Flame              Hex/Fire       #.......     36%         3    ##.....
 Fireball                 Conj/Fire      ###.......   58%         5    ######.


Dungeon Overview and Level Annotations

Branches:
Dungeon (7/15)             Temple (0/1) D:4

Altars:
Sif Muna
Vehumet
Wu Jian

Shops:
D:5 }   D:6 [


Innate Abilities, Weirdness & Mutations

You have a beak for a mouth.
You have claws for feet.
You can fly.


Message History

* * * LOW HITPOINT WARNING * * *
You block the killer bee's attack. The killer bee barely misses you.
You feel better. The killer bee barely misses you. The killer bee stings you.
* * * LOW HITPOINT WARNING * * *
The killer bee barely misses you. The killer bee completely misses you.
Casting: Static Discharge (safe; 1% risk of failure)
Confirm with . or Enter, or press ? or * to list all spells.
Aiming: Airstrike (safe; 3% risk of failure)
Press: ? - help, Dir - move target cursor, f - killer bee
Aim: a killer bee (moderately wounded)
The air twists around and violently strikes the killer bee!
You kill the killer bee!
Sif Muna accepts your kill.
You have reached level 9!
Your experience leads to an increase in your attributes!
Your base attributes are Str 9, Int 18, Dex 14.
Increase (S)trength, (I)ntelligence, or (D)exterity?
You feel clever. You block the killer bee's attack. The killer bee stings you!
You die...

.# ##########.#
##.....#.....
##............
#.............
#.............
#.....†y......
#.....@†......
#...†..†......
#.............
#...............
###.?...#.......
##..###.......
###.####......
#............
#####.........#


You could see a killer bee.

Vanquished Creatures
  2 orc warriors (D:6)
  A sky beast (D:3)
  An ice beast (D:5)
  A necrophage (D:6)
  An ogre (D:6)
  A centaur (D:5)
  A bullfrog (D:6)
  3 scorpions
  2 killer bees (D:7)
  2 bullfrog zombies
  A quasit (D:5)
  2 bullfrog skeletons
  6 orc priests
  6 orc wizards
  2 iguanas
  2 worker ants
  3 adders
  A shadow imp (D:7)
  An adder zombie (D:5)
  An adder skeleton (D:7)
  2 dart slugs
  8 leopard geckos
  16 orcs
  2 ball pythons
  8 giant cockroaches
  3 goblins
  7 hobgoblins
  18 jackals
  2 quokkas (D:4)
  3 bats
  6 frilled lizards
  5 kobolds
  A quokka skeleton (D:5)
  9 rats
130 creatures vanquished.

Notes
Turn   | Place    | Note
-------+----------+-------------------------------------------
     0 | D:1      | Yuikono the Tengu Air Elementalist began the quest for the
                  | Orb.
     0 | D:1      | Reached XP level 1. HP: 10/10 MP: 4/4
    78 | D:1      | Reached XP level 2. HP: 5/15 MP: 0/6
   698 | D:1      | Reached XP level 3. HP: 17/19 MP: 1/7
  1080 | D:2      | Learned a level 2 spell: Swiftness
  1084 | D:2      | Learned a level 3 spell: Static Discharge
  1432 | D:2      | Reached skill level 1 in Shields
  2061 | D:3      | Reached XP level 4. HP: 23/24 MP: 6/8
  2210 | D:3      | Reached skill level 5 in Air Magic
  2473 | D:3      | Noticed a sky beast
  3038 | D:4      | Gained mutation: You can fly. [Tengu growth]
  3038 | D:4      | Reached XP level 5. HP: 28/28 MP: 7/10
  3294 | D:4      | Found a deep blue altar of Sif Muna.
  3298 | D:4      | Became a worshipper of Sif Muna the Loreminder
  3393 | D:4      | Reached XP level 6. HP: 24/32 MP: 5/11
  3401 | D:4      | Identified Sif Muna's Almanac of Clay
  3560 | D:3      | Learned a level 4 spell: Airstrike
  3587 | D:3      | Killed a sky beast
  3661 | D:4      | Found a staircase to the Ecumenical Temple.
  3677 | D:4      | Reached skill level 6 in Air Magic
  3969 | D:5      | Entered Level 5 of the Dungeon
  4028 | D:5      | Found Qots's Gadget Boutique.
  4051 | D:5      | Reached XP level 7. HP: 27/36 MP: 11/13
  4110 | D:5      | HP: 1/36 [poisoned by a worker ant]
  4587 | D:5      | Got a pair of transparent boots
  4640 | D:5      | Reached skill level 5 in Conjurations
  4881 | D:5      | Found an ornate altar of the Wu Jian Council.
  4889 | D:5      | Reached * piety under Sif Muna
  5148 | D:5      | Found a radiant altar of Vehumet.
  5286 | D:6      | Found Raumoras's Antique Armour Boutique.
  5395 | D:6      | Reached skill level 7 in Air Magic
  5613 | D:6      | Reached XP level 8. HP: 41/41 MP: 6/15
  6080 | D:5      | Reached ** piety under Sif Muna
  6297 | D:6      | Reached skill level 5 in Spellcasting
  6300 | D:6      | Learned a level 1 spell: Sandblast
  6393 | D:6      | Reached skill level 8 in Air Magic
  7502 | D:7      | HP: 2/41 [killer bee (8)]
  7504 | D:7      | Reached XP level 9. HP: 8/45 MP: 2/18
  7504 | D:7      | Slain by a killer bee

Skill      XL: |  1  2  3  4  5  6  7  8 |
---------------+-------------------------+-----
Conjurations   | 2 3 4 5 7 |  7.8
Shields        | 1 2 3 4 |  4.0
Air Magic      | 5 6 7 8 |  8.8
Spellcasting   | 3 4 5 |  5.7
Dodging        | |  2.1
Stealth        | |  2.0

Action                   |  1- 3 |  4- 6 |  7- 9 || total
-------------------------+-------+-------+-------++-------
Melee: Club              |    64 |       |       ||    64
       Peck              |    12 |     1 |     7 ||    20
       Unarmed           |     3 |       |       ||     3
       Kick              |    20 |     6 |     8 ||    34
       Short sword       |    25 |    22 |       ||    47
       Dagger            |       |    13 |    33 ||    46
 Cast: Shock             |    33 |    58 |   115 ||   206
       Airstrike         |       |     4 |     8 ||    12
       Static Discharge  |       |       |     7 ||     7
       Swiftness         |       |       |     2 ||     2
 Abil: Fly               |       |     1 |       ||     1
  Use: Potion            |       |     1 |     8 ||     9
       Scroll            |       |       |    11 ||    11
 Stab: Sleeping          |     4 |     4 |       ||     8
  Eat: Chunk             |     4 |     7 |     7 ||    18
       Ration            |       |       |     2 ||     2
Armor: Robe              |    31 |     5 |    10 ||    46
Dodge: Dodged            |    72 |    18 |    41 ||   131
Block: Buckler           |    22 |     8 |    23 ||    53
